 Dungeon Crawl Stone Soup version 0.23-b1-75-g379dba2534 (webtiles) character file.

Game seed: 7962839665803883582

131 LostNumber the Firebug (level 4, -8/25 HPs)
             Began as a Deep Elf Fire Elementalist on Feb 7, 2019.
             Killed by divine providence
             ... invoked by an orc priest
              (15 damage)
             ... on level 3 of the Dungeon.
             The game lasted 00:05:03 (2077 turns).

LostNumber the Firebug (Deep Elf Fire Elementalist) Turns: 2077, Time: 00:05:04

Health: -8/25      AC:  5    Str:  5    XL:     4   Next: 91%
Magic:  4/11       EV: 13    Int: 21    God:
Gold:   173        SH:  0    Dex: 15    Spells: 0/10 levels left

rFire    . . .     SeeInvis .   p - +1 flail (protect)
rCold    . . .     Gourm    .   (no shield)
rNeg     . . .     Faith    .   a - +0 robe
rPois    .         Spirit   .   (no helmet)
rElec    .         Reflect  .   k - +1 cloak
rCorr    .         Harm     .   j - +0 pair of gloves
MR       .....                  (no boots)
Stlth    ++........             (no amulet)
HPRegen  0.08/turn              (no ring)
MPRegen  0.12/turn              (no ring)

@: very slightly contaminated
A: no striking features
a: no special abilities


You were on level 3 of the Dungeon.
You were not hungry.

You visited 1 branch of the dungeon, and saw 3 of its levels.

You collected 173 gold pieces.

Inventory:

Hand Weapons
 p - a +1 flail of protection (weapon)
   (You took it off an orc on level 3 of the Dungeon)
Armour
 a - a +0 robe (worn)
 j - a +0 pair of gloves (worn)
   (You found it on level 1 of the Dungeon)
 k - a +1 cloak (worn)
   (You found it on level 2 of the Dungeon)
Jewellery
 i - an uncursed ring of ice {unknown}
   (You found it on level 3 of the Dungeon)
Wands
 r - a wand of polymorph (4)
   (You found it on level 3 of the Dungeon)
Scrolls
 b - a scroll of enchant armour {unknown}
 c - a scroll of blinking {unknown}
 f - 2 scrolls of immolation {unknown}
 g - a scroll of amnesia {unknown}
 h - 3 scrolls of teleportation {unknown}
 o - a scroll of magic mapping {unknown}
Potions
 d - a potion of might {unknown}
 l - a potion of degeneration {unknown}
 m - 2 potions of curing {unknown}
 n - a potion of berserk rage {unknown}
 s - a potion of mutation {unknown}
Comestibles
 e - 3 rations {!d}
 q - 4 chunks of flesh


   Skills:
 + Level 1.3 Fighting
 - Level 2.4 Dodging
 - Level 2.4 Stealth
 + Level 3.9 Spellcasting
 * Level 3.0 Conjurations
 * Level 4.4 Fire Magic


You couldn't memorise any spells.
You knew the following spells:

 Your Spells              Type           Power        Failure   Level  Hunger
a - Flame Tongue          Conj/Fire      ###..        2%          1    None
d - Conjure Flame         Conj/Fire      ###.....     8%          3    ###....
q - Sticky Flame          Conj/Fire      ###.....     26%         4    ####...
x - Throw Flame           Conj/Fire      ###...       3%          2    #......

Your spell library contained the following spells:

 Spells                   Type           Power        Failure   Level  Hunger
 Inner Flame              Hex/Fire       ##......     14%         3    ###....
 Fireball                 Conj/Fire      ###.......   56%         5    ######.


Dungeon Overview and Level Annotations

Branches:
Dungeon (3/15)

Altars:


Message History

Found a fuming brown potion.
You now have 173 gold pieces (gained 13).
You see here a short sword.
s - a fuming brown potion
Found a robe.
Found an escape hatch in the ceiling.
An orc priest comes into view. It is wielding a +0 mace.
The orc priest shouts!
An orc priest is nearby!
An orc comes into view. It is wielding a +4 mace.
An orc comes into view. It is wielding a +0 flail.
You can't see any susceptible monsters within range! (Use Z to cast anyway.)
Aim: an orc priest, wielding a +0 mace and wearing a +0 leather armour You miscast Throw Flame.
You are very lightly contaminated with residual magic.
Strange energies run through your body.
The orc shouts!
The orc priest miscasts a cantrip.
You can't see any susceptible monsters within range! (Use Z to cast anyway.)
You can't see any susceptible monsters within range! (Use Z to cast anyway.)
Aim: an orc priest, wielding a +0 mace and wearing a +0 leather armour The puff of flame hits the orc priest.
An orc comes into view. It is wielding a +0 dagger.
A worker ant comes into view.
Aim: an orc, wielding a +4 mace The flame tongue misses the orc.
Aim: an orc, wielding a +4 mace The flame tongue misses the orc.
Aim: an orc, wielding a +4 mace The flame tongue hits the orc.
The orc hits you with a +4 mace.
Aim: an orc, wielding a +4 mace (moderately wounded)
The flame tongue misses the orc.
The orc misses you. The orc priest closely misses you.
Aim: an orc, wielding a +4 mace (moderately wounded)
The flame tongue hits the orc!
You kill the orc!
You don't have enough magic to cast that spell.
Unknown command.
Aim: an orc, wielding a +0 flail
Okay, then.
Unknown command.
The orc priest hits you with a +0 mace. The orc barely misses you.
The orc priest hits you with a +0 mace. The worker ant bites you!
* * * LOW HITPOINT WARNING * * *
The worker ant bites you but does no damage.
The worker ant closely misses you.
The orc priest calls down the wrath of Beogh upon you.
Beogh smites you!
Ouch! That really hurt!
You die...

#..# #.....<...
#..# #...#####.
#.####..######o##
#............#o#
######..####÷#.#
#.)# #.#o# #..#
#.#a# #..# #.#.####
#..####.#.@<.#
#.........##.#
##.####.### .#
###........##.###.#
#........#.........
#.#.#####..÷..####
#..#. #.##### #.# #
#.# #. #.#


You could see a worker ant, an orc priest and 2 orcs.

Vanquished Creatures
  A hound (D:1)
  An orc priest (D:3)
  An adder (D:2)
  A worm (D:2)
  3 dart slugs
  2 leopard geckos
  4 orcs (D:3)
  3 bats
  4 giant cockroaches
  4 goblins
  7 hobgoblins
  3 jackals (D:2)
  5 kobolds
  A quokka (D:2)
  2 ball pythons
  A frilled lizard (D:3)
  5 rats
48 creatures vanquished.

Notes
Turn   | Place    | Note
-------+----------+-------------------------------------------
     0 | D:1      | LostNumber the Deep Elf Fire Elementalist began the quest
                  | for the Orb.
     0 | D:1      | Reached XP level 1. HP: 10/10 MP: 6/6
   230 | D:1      | Reached XP level 2. HP: 15/15 MP: 4/8
   324 | D:1      | Learned a level 2 spell: Throw Flame
   882 | D:1      | Reached XP level 3. HP: 9/20 MP: 2/9
  1062 | D:2      | Reached skill level 4 in Fire Magic
  1333 | D:2      | Reached skill level 1 in Fighting
  1333 | D:2      | Reached XP level 4. HP: 25/25 MP: 6/11
  1341 | D:2      | Learned a level 3 spell: Conjure Flame
  1346 | D:2      | Learned a level 4 spell: Sticky Flame
  2077 | D:3      | Killed from afar by an orc priest

Skill      XL: |  1  2  3  4 |
---------------+-------------+-----
Conjurations   | 2 3 |  3.0
Fire Magic     | 4 |  4.4
Fighting       | 1 |  1.3
Dodging        | |  2.4
Stealth        | |  2.4
Spellcasting   | |  3.9

Action                   |  1- 3 |  4- 6 || total
-------------------------+-------+-------++-------
Melee: Unarmed           |       |     2 ||     2
 Cast: Flame Tongue      |    49 |    36 ||    85
       Throw Flame       |       |     2 ||     2
  Eat: Chunk             |     1 |     2 ||     3
Armor: Robe              |     1 |     3 ||     4
Dodge: Dodged            |    13 |    10 ||    23
